MLB
CHICAGO CUBS @ ARIZONA DIAMONDBACKS
06/28/2030
 
TOP OF THE 1ST
Chicago Cubs batting - Pitching for Arizona Diamondbacks : LHP Dave Martenson
Pitching: LHP Dave Martenson
Batting: SHB Jake Barry 0-0: Swinging Strike
0-1: Called Strike
0-2: Ball
1-2: Ball
2-2: Strikes out swinging
Batting: LHB Larry Perron 0-0: Called Strike
0-1: Swinging Strike
0-2: Ball
1-2: Foul Ball, location: 9LMF
1-2: Foul Ball, location: 2F
1-2: Ball
2-2: Ball
3-2: Fly out, F9 (Flyball, 9, EV 95.6 MPH)
Batting: RHB Brennen Davis 0-0: Called Strike
0-1: Ball
1-1: Ball
2-1: Ball
3-1: Called Strike
3-2: SOLO HOME RUN (Flyball, 78XD, EV 103.8 MPH), Distance : 400 ft
Batting: LHB Keith Dowling 0-0: Called Strike
0-1: Called Strike
0-2: Ball
1-2: Foul Ball, location: 2F
1-2: Foul Ball, location: 5F
1-2: Foul Ball, location: 7LSF
1-2: Fly out, F5 (Popup, 5F, EV 76.3 MPH)
Top of the 1st over - 1 run, 1 hit, 0 errors, 0 left on base; Chicago 1 - Arizona 0
BOTTOM OF THE 1ST
Arizona Diamondbacks batting - Pitching for Chicago Cubs : RHP Bret D'Orazio
Pitching: RHP Bret D'Orazio
Batting: RHB Eric Mayfield 0-0: Ball
1-0: Foul Ball, location: 2F
1-1: Fly out, F8 (Line Drive, 89S, EV 90.0 MPH)
Batting: RHB Mike Roca 0-0: Ground out 5-3 (Groundball, 56, EV 89.4 MPH)
Batting: LHB Andy Lewis 0-0: Called Strike
0-1: Swinging Strike
0-2: Strikes out looking
Bottom of the 1st over - 0 runs, 0 hits, 0 errors, 0 left on base; Chicago 1 - Arizona 0
TOP OF THE 2ND
Chicago Cubs batting - Pitching for Arizona Diamondbacks : LHP Dave Martenson
Batting: RHB Mike Heidenreich 0-0: Swinging Strike
0-1: Called Strike
0-2: Strikes out swinging
Batting: RHB Francisco Alvarez 0-0: Called Strike
0-1: Ground out 4-3 (Groundball, 4, EV 82.5 MPH)
Batting: RHB Jose Garcia 0-0: Foul Ball, location: 2F
0-1: Ball
1-1: Ball
2-1: SINGLE (Line Drive, 5L, EV 94.4 MPH)
Batting: RHB Jeff Maslin 0-0: Ball
1-0: Fly out, F8 (Flyball, 8LD, EV 106.3 MPH)
Top of the 2nd over - 0 runs, 1 hit, 0 errors, 1 left on base; Chicago 1 - Arizona 0
BOTTOM OF THE 2ND
Arizona Diamondbacks batting - Pitching for Chicago Cubs : RHP Bret D'Orazio
Batting: LHB Steve Peters 0-0: Ball
1-0: Foul Ball, location: 2F
1-1: SINGLE (Flyball, 78S, EV 94.4 MPH)
Batting: LHB Jake Weider 0-0: Ball
1-0: Called Strike
1-1: Called Strike
1-2: Strikes out swinging
Batting: RHB Mike Ruiz 0-0: Foul Ball, location: 9LMF
0-1: Ball
1-1: Ball
2-1: Foul Ball, location: 3SF
2-2: Fly out, F7 (Flyball, 7, EV 86.3 MPH)
Batting: LHB Corey Seager 0-0: Called Strike
0-1: Ball
1-1: Ball
2-1: SINGLE (Groundball, 6MD, EV 94.4 MPH)
Steve Peters to second
Runner from 2nd tries for 3rd, SAFE, throw by CF made to third
Batting: RHB Vinny Pickup 0-0: Ball
1-0: Called Strike
1-1: Ball
2-1: Swinging Strike
2-2: Foul Ball, location: 9LDF
2-2: Fly out, F8 (Flyball, 89XD, EV 101.9 MPH)
Bottom of the 2nd over - 0 runs, 2 hits, 0 errors, 2 left on base; Chicago 1 - Arizona 0
TOP OF THE 3RD
Chicago Cubs batting - Pitching for Arizona Diamondbacks : LHP Dave Martenson
Batting: RHB Hank Medina 0-0: Ball
1-0: Ground out 6-3 (Groundball, P, EV 80.0 MPH)
Batting: SHB Jake Barry 0-0: Ground out 4-3 (Groundball, 34D, EV 96.9 MPH)
Batting: LHB Larry Perron 0-0: Called Strike
0-1: Called Strike
0-2: Ball
1-2: Strikes out swinging
Top of the 3rd over - 0 runs, 0 hits, 0 errors, 0 left on base; Chicago 1 - Arizona 0
BOTTOM OF THE 3RD
Arizona Diamondbacks batting - Pitching for Chicago Cubs : RHP Bret D'Orazio
Batting: LHB Alex Masters 0-0: Foul Ball, location: 2F
0-1: Foul Ball, location: 5SF
0-2: Strikes out looking
Batting: RHB Eric Mayfield 0-0: Called Strike
0-1: SINGLE (Groundball, 34D, EV 97.5 MPH)
Batting: RHB Mike Roca 0-0: Ball
1-0: Called Strike
1-1: Grounds into double play, 5-4-3 (Groundball, 56, EV 91.3 MPH)
Bottom of the 3rd over - 0 runs, 1 hit, 0 errors, 0 left on base; Chicago 1 - Arizona 0
TOP OF THE 4TH
Chicago Cubs batting - Pitching for Arizona Diamondbacks : LHP Dave Martenson
Batting: RHB Brennen Davis 0-0: Called Strike
0-1: Swinging Strike
0-2: Foul Ball, location: 5FF
0-2: Foul Ball, location: 2F
0-2: Ball
1-2: SOLO HOME RUN (Flyball, 9D, EV 103.8 MPH), Distance : 382 ft
Batting: LHB Keith Dowling 0-0: Ground out U3 (Groundball, 13, EV 78.8 MPH)
Batting: RHB Mike Heidenreich 0-0: Ball
1-0: Called Strike
1-1: Called Strike
1-2: Ball
2-2: Ball
3-2: Foul Ball, location: 5DF
3-2: Foul Ball, location: 9LSF
3-2: Base on Balls
Batting: RHB Francisco Alvarez 0-0: Fly out, F7 (Flyball, 78S, EV 79.4 MPH)
Batting: RHB Jose Garcia 0-0: Called Strike
0-1: SINGLE (Line Drive, 4D, EV 96.3 MPH)
Mike Heidenreich to second
Runner from 2nd tries for 3rd, SAFE, throw by CF made to third
Batting: RHB Jeff Maslin 0-0: Ball
1-0: Foul Ball, location: 5F
1-1: Ball
2-1: Ground out 1-3 (Groundball, 13, EV 68.8 MPH)
Top of the 4th over - 1 run, 2 hits, 0 errors, 2 left on base; Chicago 2 - Arizona 0
BOTTOM OF THE 4TH
Arizona Diamondbacks batting - Pitching for Chicago Cubs : RHP Bret D'Orazio
Batting: LHB Andy Lewis 0-0: Ball
1-0: Fly out, F8 (Flyball, 8RM, EV 93.1 MPH)
Batting: LHB Steve Peters 0-0: Foul Ball, location: 7LMF
0-1: Swinging Strike
0-2: Fly out, F4 (Popup, 34S, EV 82.5 MPH)
Batting: LHB Jake Weider 0-0: Ball
1-0: DOUBLE (Flyball, 78XD, EV 103.1 MPH)
Batting: RHB Mike Ruiz 0-0: Ground out 6-3 (Groundball, 56D, EV 95.0 MPH)
Bottom of the 4th over - 0 runs, 1 hit, 0 errors, 1 left on base; Chicago 2 - Arizona 0
TOP OF THE 5TH
Chicago Cubs batting - Pitching for Arizona Diamondbacks : LHP Dave Martenson
Batting: RHB Hank Medina 0-0: Foul Ball, location: 9LSF
0-1: Ball
1-1: Ball
2-1: Called Strike
2-2: Foul Ball, location: 5FF
2-2: Ball
3-2: Foul Ball, location: 2F
3-2: Ground out U3 (Groundball, 23, EV 87.5 MPH)
Batting: SHB Jake Barry 0-0: Foul Ball, location: 9LSF
0-1: Ball
1-1: Foul Ball, location: 2F
1-2: Strikes out swinging
Batting: LHB Larry Perron 0-0: Ball
1-0: Called Strike
1-1: Foul Ball, location: 9LSF
1-2: Strikes out swinging
Top of the 5th over - 0 runs, 0 hits, 0 errors, 0 left on base; Chicago 2 - Arizona 0
BOTTOM OF THE 5TH
Arizona Diamondbacks batting - Pitching for Chicago Cubs : RHP Bret D'Orazio
Batting: LHB Corey Seager 0-0: Called Strike
0-1: Foul Ball, location: 7LSF
0-2: Ground out 6-3 (Groundball, 6, EV 96.3 MPH)
Batting: RHB Vinny Pickup 0-0: Ball
1-0: Called Strike
1-1: Ball
2-1: Swinging Strike
2-2: Foul Ball, location: 3FF
2-2: Ball
3-2: Foul Ball, location: 25F
3-2: Strikes out swinging
Batting: LHB Alex Masters 0-0: Called Strike
0-1: Ball
1-1: Foul Ball, location: 25FF
1-2: Ball
2-2: Fly out, F9 (Flyball, 89M, EV 76.9 MPH)
Bottom of the 5th over - 0 runs, 0 hits, 0 errors, 0 left on base; Chicago 2 - Arizona 0
TOP OF THE 6TH
Chicago Cubs batting - Pitching for Arizona Diamondbacks : LHP Dave Martenson
Pitching: RHP Colby White
Batting: RHB Brennen Davis 0-0: Called Strike
0-1: Ball
1-1: Ball
2-1: Called Strike
2-2: Foul Ball, location: 23F
2-2: Strikes out swinging
Batting: LHB Keith Dowling 0-0: Swinging Strike
0-1: Ball
1-1: Ball
2-1: Foul Ball, location: 2F
2-2: Ground out 6-3 (Groundball, 6M, EV 101.9 MPH)
Batting: RHB Mike Heidenreich 0-0: Called Strike
0-1: Foul Ball, location: 9LSF
0-2: Ball
1-2: Fly out, F8 (Flyball, 8RS, EV 88.1 MPH)
Top of the 6th over - 0 runs, 0 hits, 0 errors, 0 left on base; Chicago 2 - Arizona 0
BOTTOM OF THE 6TH
Arizona Diamondbacks batting - Pitching for Chicago Cubs : RHP Bret D'Orazio
Batting: RHB Eric Mayfield 0-0: Ball
1-0: SINGLE (Line Drive, 9S, EV 97.5 MPH)
Batting: RHB Mike Roca 0-0: Called Strike
Eric Mayfield steals 2nd base
0-1: Foul Ball, location: 5F
0-2: Fly out, F8 (Flyball, 8LS, EV 88.1 MPH)
Batting: LHB Andy Lewis 0-0: Ball
1-0: 2-RUN HOME RUN (Flyball, 78XD, EV 98.8 MPH), Distance : 404 ft
Batting: LHB Steve Peters 0-0: Ball
1-0: Called Strike
1-1: Foul Ball, location: 7LMF
1-2: Foul Ball, location: 23F
1-2: Strikes out swinging
Batting: LHB Jake Weider 0-0: Ground out U3 (Groundball, 34S, EV 71.3 MPH)
Bottom of the 6th over - 2 runs, 2 hits, 0 errors, 0 left on base; Chicago 2 - Arizona 2
TOP OF THE 7TH
Chicago Cubs batting - Pitching for Arizona Diamondbacks : RHP Colby White
Pitching: RHP Steve Kilbane
Batting: RHB Francisco Alvarez 0-0: Ball
1-0: Foul Ball, location: 5F
1-1: DOUBLE (Line Drive, 78M, EV 97.5 MPH)
Batting: RHB Jose Garcia 0-0: DOUBLE (Line Drive, 9LD, EV 98.1 MPH)
Francisco Alvarez scores
Batting: RHB Jeff Maslin 0-0: Intentional Walk
Batting: RHB Hank Medina 0-0: Fielders Choice at 2nd, 3-6 (Groundball, 3S, EV 90.0 MPH)
Jose Garcia to third
Batting: SHB Jake Barry 0-0: Called Strike
0-1: Ball
1-1: Ball
2-1: Fielders Choice at home, 4-2 (Groundball, 34S, EV 68.8 MPH)
Hank Medina to second
Batting: LHB Larry Perron 0-0: Swinging Strike
0-1: SINGLE (Line Drive, 78S, EV 91.9 MPH)
Hank Medina to third
Jake Barry to second
Runner from 3rd tries for Home, SAFE, throw by CF to home
Batting: RHB Brennen Davis 0-0: Ball
1-0: Called Strike
1-1: Ball
2-1: Ball
3-1: Foul Ball, location: 2F
3-2: Strikes out swinging
Top of the 7th over - 2 runs, 3 hits, 0 errors, 2 left on base; Chicago 4 - Arizona 2
BOTTOM OF THE 7TH
Arizona Diamondbacks batting - Pitching for Chicago Cubs : RHP Bret D'Orazio
Batting: RHB Mike Ruiz 0-0: Swinging Strike
0-1: Fly out, F7 (Flyball, 7, EV 83.8 MPH)
Batting: LHB Corey Seager 0-0: Ball
1-0: Fly out, F9 (Flyball, 89D, EV 99.4 MPH)
Batting: RHB Vinny Pickup 0-0: Foul Ball, location: 25FF
0-1: Ball
1-1: Ball
2-1: Fly out, F7 (Flyball, 78D, EV 91.3 MPH)
Bottom of the 7th over - 0 runs, 0 hits, 0 errors, 0 left on base; Chicago 4 - Arizona 2
TOP OF THE 8TH
Chicago Cubs batting - Pitching for Arizona Diamondbacks : RHP Steve Kilbane
Batting: LHB Keith Dowling 0-0: Ball
1-0: SINGLE (Line Drive, 8RS, EV 103.8 MPH)
Batting: RHB Mike Heidenreich 0-0: Ball
1-0: Swinging Strike
1-1: Ball
2-1: Foul Ball, location: 9LMF
2-2: Foul Ball, location: 5F
2-2: Ball
3-2: Strikes out swinging
Batting: RHB Francisco Alvarez 0-0: Ball
1-0: Ball
2-0: SINGLE (Flyball, 8RS, EV 86.9 MPH)
Keith Dowling to second
Batting: RHB Jose Garcia 0-0: Foul Ball, location: 9LMF
0-1: Ball
1-1: Called Strike
1-2: Strikes out swinging
Batting: RHB Jeff Maslin 0-0: Swinging Strike
0-1: Called Strike
0-2: Foul Ball, location: 5F
0-2: Ball
1-2: Foul Ball, location: 9LMF
1-2: Fielders Choice at 2nd, 6-4 (Groundball, 6, EV 88.1 MPH)
Top of the 8th over - 0 runs, 2 hits, 0 errors, 2 left on base; Chicago 4 - Arizona 2
BOTTOM OF THE 8TH
Arizona Diamondbacks batting - Pitching for Chicago Cubs : RHP Bret D'Orazio
Now in LF: Brennen Davis
Now in RF: Jhon Torres
Batting: LHB Alex Masters 0-0: Called Strike
0-1: Ball
1-1: Ball
2-1: Swinging Strike
2-2: Fly out, F7 (Flyball, 78S, EV 88.1 MPH)
Batting: RHB Eric Mayfield 0-0: Ball
1-0: Fly out, F7 (Flyball, 7D, EV 104.4 MPH)
Batting: RHB Mike Roca 0-0: Foul Ball, location: 2LF
0-1: Ball
1-1: Swinging Strike
1-2: Strikes out swinging
Bottom of the 8th over - 0 runs, 0 hits, 0 errors, 0 left on base; Chicago 4 - Arizona 2
TOP OF THE 9TH
Chicago Cubs batting - Pitching for Arizona Diamondbacks : RHP Steve Kilbane
Pitching: LHP Emmanuel Abrams
Batting: RHB Hank Medina 0-0: Ball
1-0: Foul Ball, location: 3F
1-1: Foul Ball, location: 9LDF
1-2: Ground out 3-1 (Groundball, 34, EV 103.1 MPH)
Batting: SHB Jake Barry 0-0: SOLO HOME RUN (Flyball, 78XD, EV 101.9 MPH), Distance : 408 ft
Batting: LHB Larry Perron 0-0: Ball
1-0: Foul Ball, location: 3F
1-1: Swinging Strike
1-2: Strikes out looking
Batting: RHB Brennen Davis 0-0: Swinging Strike
0-1: Ball
1-1: Called Strike
1-2: Foul Ball, location: 2F
1-2: Ball
2-2: Foul Ball, location: 2F
2-2: Strikes out looking
Top of the 9th over - 1 run, 1 hit, 0 errors, 0 left on base; Chicago 5 - Arizona 2
BOTTOM OF THE 9TH
Arizona Diamondbacks batting - Pitching for Chicago Cubs : RHP Bret D'Orazio
Pitching: RHP Jordan Arenas
Batting: LHB Andy Lewis 0-0: Ball
1-0: Called Strike
1-1: SINGLE (Line Drive, 4D, EV 109.4 MPH)
Batting: LHB Steve Peters 0-0: Ball
1-0: Fly out, F8 (Flyball, 78S, EV 86.9 MPH)
Batting: LHB Jake Weider 0-0: Ball
1-0: Ball
2-0: Foul Ball, location: 2F
2-1: Foul Ball, location: 9LDF
2-2: Foul Ball, location: 7LDF
2-2: Ball
3-2: Base on Balls
Andy Lewis to second
Batting: RHB Mike Ruiz 0-0: Ball
1-0: Fly out, F8 (Flyball, 78M, EV 99.4 MPH)
Batting: LHB Corey Seager 0-0: Ball
1-0: SINGLE (Groundball, 4MD, EV 99.4 MPH)
Andy Lewis to third
Jake Weider to second
Pinch Hitting: LHB Eddie Farnham 0-0: Called Strike
0-1: Called Strike
0-2: Ball
1-2: Ball
2-2: Ball
3-2: Foul Ball, location: 2F
3-2: Foul Ball, location: 3FF
3-2: Foul Ball, location: 2F
3-2: Ground out 4-3 (Groundball, 4S, EV 84.4 MPH)
Bottom of the 9th over - 0 runs, 2 hits, 0 errors, 3 left on base; Chicago 5 - Arizona 2
Monday, March 25th , 2024 - OOTP Baseball 24.7 Build 72